 Dungeon Crawl Stone Soup version 0.30.0-29-ga12c61a403 (webtiles) character file.

Game seed: 13064253172803516695

1088 Fodor the Chopper (level 8, -5/70 HPs)
             Began as a Minotaur Fighter on June 15, 2023.
             Was an Initiate of Gozag.
             Slain by a two-headed ogre
             ... wielding a +0 giant club
              (17 damage)
             ... on level 6 of the Dungeon.
             The game lasted 00:26:39 (4538 turns).

Fodor the Chopper (Minotaur Fighter)                Turns: 4538, Time: 00:26:40

Health: -5/70      AC: 19    Str: 27    XL:     8   Next: 9%
Magic:  7/7        EV:  9    Int:  5    God:    Gozag
Gold:   463        SH:  0    Dex: 12    Spells: 7/7 levels left

rFire   . . .        D - +2 great sword (venom)
rCold   . . .        (shield currently unavailable)
rNeg    . . .        i - +1 chain mail
rPois   .            (helmet restricted)
rElec   .            (no cloak)
rCorr   .            o - +2 pair of gloves
SInv    .            A - +0 pair of boots
Will    .....        (no amulet) Stlth
                     z - +4 ring of protection
HPRegen 0.31/turn    y - +6 ring of strength
MPRegen 0.10/turn

%: no passive effects
@: mighty, gold aura
A: horns 2, retaliatory headbutt
a: Renounce Religion, Potion Petition, Call Merchant, Bribe Branch


You were on level 6 of the Dungeon.
You worshipped Gozag.
Gozag was aware of your devotion.
You visited 2 branches of the dungeon, and saw 7 of its levels.

You collected 546 gold pieces.
You paid 83 gold pieces to Gozag.

Inventory:

Hand Weapons
 b - a +2 hand axe of venom
 f - a +0 sling
 k - a +3 dagger
 v - a +2 whip of venom
 D - a +2 great sword of venom (weapon)
Missiles
 l - 38 stones
 n - 14 poisoned darts (quivered)
 s - 5 boomerangs
 C - a throwing net
Armour
 c - a +0 buckler
 e - the +0 ring mail of Myadyan {rElec}
   (You found it on level 3 of the Dungeon)

   rElec:     It insulates you from electricity.
 i - a +1 chain mail (worn)
 o - a +2 pair of gloves (worn)
 A - a +0 pair of boots (worn)
Jewellery
 a - a +6 ring of intelligence
 y - a +6 ring of strength (right hand)
 z - a +4 ring of protection (left hand)
Wands
 u - a wand of light (5)
Scrolls
 g - a scroll of poison
 w - a scroll of acquirement {unknown}
 x - a scroll of identify
 B - a scroll of enchant weapon {unknown}
Potions
 j - 2 potions of ambrosia {unknown}
 m - 2 potions of lignification
 p - a potion of degeneration {unknown}
 r - 2 potions of haste {unknown}
 t - a potion of attraction {unknown}


   Skills:
 + Level 6.0 Fighting
 + Level 2.8(3.4) Short Blades
 + Level 3.0(3.7) Long Blades
 + Level 6.5 Axes
 + Level 0.6 Ranged Weapons
 + Level 6.4 Armour
 + Level 2.0 Dodging
 + Level 4.6 Shields


You had 7 spell levels left.
You didn't know any spells.
Your spell library contained the following spells:

 Spells                   Type           Power      Damage    Failure   Level
 Apportation              Tloc           0%         N/A       92%         1
 Summon Small Mammal      Summ           0%         N/A       92%         1
 Ensorcelled Hibernation  Hex/Ice        0%         N/A       98%         2
 Passwall                 Tmut/Erth      0%         N/A       98%         2
 Call Canine Familiar     Summ           0%         N/A       100%        3
 Summon Guardian Golem    Hex/Summ       0%         N/A       100%        3
 Swiftness                Air            0%         N/A       100%        3
 Alistair's Intoxication  Tmut/Pois      0%         N/A       100%        5


Dungeon Overview and Level Annotations

Branches:
Dungeon (6/15)             Temple (1/1) D:4

Altars:
Ashenzari
Cheibriados
Fedhas
Gozag
Kikubaaqudgha
Makhleb
Qazlal
Ru
Sif Muna
Trog
Vehumet
Wu Jian
Xom


Innate Abilities, Weirdness & Mutations

You have a pair of horns on your head.
You reflexively headbutt those who attack you in melee.


Message History

The two-headed ogre is moderately wounded.
The sky beast closely misses you. You furiously retaliate!
You headbutt the sky beast.
The two-headed ogre hits you with a +0 giant club!
* * * LOW HITPOINT WARNING * * *
The two-headed ogre hits you with a +0 giant club.
* * * LOW HITPOINT WARNING * * *
The sky beast hits you.
* * * LOW HITPOINT WARNING * * *
The sky beast shocks you.
* * * LOW HITPOINT WARNING * * *
Okay, then.
You feel much better.
The two-headed ogre hits you with a +0 giant club.
The two-headed ogre hits you with a +0 giant club!
The sky beast hits you but does no damage.
You feel better.
The two-headed ogre hits you with a +0 giant club!!
* * * LOW HITPOINT WARNING * * *
The two-headed ogre hits you with a +0 giant club.
* * * LOW HITPOINT WARNING * * *
The sky beast hits you but does no damage.
You feel better.
The sky beast is distracted by your dazzling golden aura.
You feel very mighty all of a sudden. The two-headed ogre barely misses you.
You furiously retaliate!
You headbutt the two-headed ogre.
The two-headed ogre hits you with a +0 giant club.
* * * LOW HITPOINT WARNING * * *
You barely miss the two-headed ogre. You headbutt the two-headed ogre!
The two-headed ogre is severely wounded.
The sky beast is no longer distracted by gold.
The sky beast flickers out of sight!
Deactivating autopickup; reactivate with Ctrl-A.
Something hits you but does no damage.
The two-headed ogre hits you with a +0 giant club.
* * * LOW HITPOINT WARNING * * *
The two-headed ogre hits you with a +0 giant club!
You die...
Your body crumbles into a pile of gold.

# #.# # ##.### # # ###.
....# #.# ... ..#.# #.#
#$##.#.# ##. .##
##..#.#.# #.# #.#
.###....{#.######.# #.##
.......@O.........###...
.###....##.###.##.....##
#...###.# #.##.#.>##
#... ..# #.##.#.## #.##
#### #.##...# #.
#.####.# # #......#
######.# #.#


You could see a two-headed ogre (poisoned).

Vanquished Creatures
  2 black bears
  An orc warrior (D:6)
  A centaur (D:5)
  A scorpion (D:4)
  An orc priest (D:5)
  A gnoll bouda (D:6)
  3 hounds
  3 jellies
  Jessica (D:2)
  A sleepcap (D:6)
  2 iguanas
  2 orc wizards
  Robin (D:2)
  6 gnolls
  7 adders
  A white imp (D:6)
  2 ufetubi
  5 dart slugs
  A worm (D:3)
  17 orcs
  5 ball pythons
  12 endoplasms
  2 giant cockroaches (D:4)
  17 goblins
  9 hobgoblins
  3 quokkas
  6 bats
  2 frilled lizards
  6 kobolds
  4 rats
125 creatures vanquished.

Notes
Turn   | Place    | Note
-------+----------+-------------------------------------------
     0 | D:1      | Fodor the Minotaur Fighter began the quest for the Orb.
     0 | D:1      | Reached XP level 1. HP: 19/19 MP: 0/0
   202 | D:1      | Reached XP level 2. HP: 27/27 MP: 1/1
   868 | D:2      | Noticed Robin
   879 | D:2      | Reached XP level 3. HP: 33/33 MP: 2/2
   925 | D:2      | Killed Robin
  1201 | D:2      | Noticed Jessica
  1219 | D:2      | Killed Jessica
  1220 | D:2      | Reached skill level 1 in Short Blades
  1220 | D:2      | Reached XP level 4. HP: 27/41 MP: 3/3
  1690 | D:3      | Identified the +0 leather armour of the Eight Boll Weevils
                  | {rF++ Slay+3}
  2050 | D:3      | Reached XP level 5. HP: 43/47 MP: 4/4
  2251 | D:3      | Reached skill level 5 in Armour
  2275 | D:3      | Identified the +0 ring mail of Myadyan {rElec}
  2444 | D:3      | Reached skill level 1 in Axes
  3101 | D:4      | Noticed a black bear
  3110 | D:4      | Killed a black bear
  3111 | D:4      | Reached skill level 1 in Dodging
  3111 | D:4      | Reached XP level 6. HP: 51/55 MP: 5/5
  3148 | D:4      | Reached skill level 5 in Fighting
  3228 | D:4      | Found a staircase to the Ecumenical Temple.
  3280 | Temple   | Entered the Ecumenical Temple
  3291 | Temple   | Became a worshipper of Gozag Ym Sagoz the Greedy
  3399 | D:5      | Entered Level 5 of the Dungeon
  3421 | D:5      | Reached XP level 7. HP: 31/61 MP: 6/6
  4225 | D:6      | Reached skill level 5 in Axes
  4368 | D:6      | Reached XP level 8. HP: 53/70 MP: 7/7
  4524 | D:6      | Noticed a two-headed ogre
  4538 | D:6      | Slain by a two-headed ogre

Illustrated notes

Levels and vault maps discovered:
D:1:      dpeg_arrival_tiny_a, layout_loops_ring, minmay_gold_behind_fungi,
          serial_bayou_pond_c
D:2:      layout_rooms, uniq_robin, uniq_jessica
D:3:      minmay_bubble_buster, layout_basic
D:4:      layout_gridville, minmay_temple_entry_gardened_gates
D:5:      layout_loops_ring
D:6:      layout_loops_corners
Temple:   grunt_wide_crystal_templ

Skill      XL: |  1  2  3  4  5  6  7  8 |
---------------+-------------------------+-----
Armour         | 4 5 6 |  6.4
Fighting       | 4 5 6 |  6.0
Shields        | 4 |  4.6
Short Blades   | 1 2 |  2.8
Axes           | 2 3 6 |  6.5
Dodging        | 1 2 |  2.0
Long Blades    | 3 |  3.0
Ranged Weapons | |  0.6

Action                     |  1- 3 |  4- 6 |  7- 9 || total
---------------------------+-------+-------+-------++-------
  Melee: Long sword        |    36 |       |       ||    36
         Headbutt          |    16 |    18 |    26 ||    60
         Dagger            |    71 |    51 |       ||   122
         Hand axe          |       |    82 |    62 ||   144
         Great sword       |       |       |     6 ||     6
   Fire: Sling             |     4 |       |       ||     4
  Throw: Dart              |     3 |       |       ||     3
    Use: Scroll            |       |     7 |       ||     7
         Potion            |       |       |     4 ||     4
 Armour: Scale mail        |     3 |       |       ||     3
         Chain mail        |    86 |    99 |    44 ||   229
  Dodge: Dodged            |    25 |    59 |    37 ||   121
  Block: Buckler           |    28 |    27 |    11 ||    66
